 Dungeon Crawl Stone Soup version 0.31-a0-1405-g2bb1a01664 (webtiles) character file.

Game seed: 11485545326360866112

658 bmb222 the Trooper (level 7, -9/52 (56) HPs)
             Began as a Formicid Monk on Dec 25, 2023.
             Killed by divine providence
             ... invoked by an orc priest
              (12 damage)
             ... on level 8 of the Dungeon.
             The game lasted 00:05:31 (3879 turns).

bmb222 the Trooper (Formicid Monk)                  Turns: 3879, Time: 00:05:32

HP:   -9/52 (56)    AC: 10    Str: 17    XL:     7   Next: 85%
MP:   7/7           EV:  9    Int: 10    God:
Gold: 230           SH: 13    Dex: 16    Spells: 6/6 levels left

rFire   + . .        o - +0 flail
rCold   + . .        e - +5 kite shield "Tugh" {rF+ rCorr}
rNeg    . . .        s - +3 scale mail {rPois}
rPois   +            (helmet unavailable)
rElec   .            (no cloak)
rCorr   +            (no gloves)
SInv    +            (no boots)
Will    +....        (no amulet) Stlth
                     v - ring of protection from cold
HPRegen 0.28/turn    l - ring of willpower
MPRegen 0.10/turn

%: no passive effects
@: mighty, drained
A: permanent stasis, dig shafts and tunnels, antennae 3, four strong arms,
mutation resistance 1
a: Dig, Shaft Self


You were on level 8 of the Dungeon.
You visited 1 branch of the dungeon, and saw 6 of its levels.

You collected 230 gold pieces.

Inventory:

Hand Weapons
 a - a +0 mace
 o - a +0 flail (weapon)
Missiles
 f - 8 poisoned darts
Armour
 b - a +0 robe
 d - an orb of light
 e - the +5 kite shield "Tugh" (worn) {rF+ rCorr}
   (You acquired it on level 5 of the Dungeon)

   rF+:       It protects you from fire.
   rCorr:     It protects you from acid and corrosion.
 s - a +3 scale mail of poison resistance (worn)
Jewellery
 l - a ring of willpower (right hand)
 v - a ring of protection from cold (left hand)
Scrolls
 h - 4 scrolls of immolation
 i - 2 scrolls of brand weapon
 m - a scroll of vulnerability {unknown}
 n - 2 scrolls of torment {unknown}
 q - a scroll of noise {unknown}
 r - a scroll of blinking {unknown}
 t - a scroll of revelation {unknown}
 u - a scroll of poison {unknown}
 w - a scroll of enchant weapon {unknown}
Potions
 c - 3 potions of ambrosia


   Skills:
 + Level 5.5 Fighting
 + Level 5.0 Maces & Flails
 * Level 5.1 Armour
 - Level 3.2 Dodging
 * Level 2.0 Shields


You had 6 spell levels left.
You didn't know any spells.
Your spell library contained the following spells:

 Spells                   Type           Power      Damage    Failure   Level
 Dazzling Flash           Conj/Hex       0%         N/A       100%        3
 Mephitic Cloud           Conj/Alch/Air  0%         N/A       100%        3
 Agony                    Necr           0%         N/A       100%        5
 Silence                  Hex/Air        0%         N/A       100%        5


Dungeon Overview and Level Annotations

Branches:
Dungeon (5/15)             Temple (0/1) D:5

Altars:
Ashenzari
Gozag
Kikubaaqudgha
Qazlal

Shops:
D:2 *

Annotations:
D:3 1 runed translucent door, Iich's ghost, amateur DsFi
D:4 3 runed translucent doors, jasper's ghost, amateur DEHW
D:8 Gastronok


Innate Abilities, Weirdness & Mutations

You cannot be hasted, slowed, berserked, paralysed or teleported.
You can dig through walls and to a lower floor.
You have a pair of large antennae on your head. (SInv)
Your four strong arms can wield two-handed weapons with a shield.
You are somewhat resistant to further mutation.


Message History

You extend your mandibles.
You dig through the rock wall.
You feel drained.
Found 14 gold pieces and a scroll labelled SEJOFF WAROU.
You retract your mandibles.
A steam dragon comes into view.
Found a broken altar of Ashenzari.
The steam dragon hisses angrily.
Unknown command.
Found a scroll of identify.
The orc warrior shoots an arrow.
You block the arrow. The steam dragon breathes steam at you.
The ball of steam hits you. You resist.
* * * LOW HITPOINT WARNING * * *
It was a potion of might.
You feel very mighty all of a sudden.
It was a potion of magic.
Magic courses through your body.
You barely miss the steam dragon. The steam dragon breathes steam at you.
The ball of steam misses you.
You hear a howl!
Unknown command.
You closely miss the steam dragon. You block the steam dragon's attack. x2
Unknown command.
You sock the steam dragon!
The steam dragon is moderately wounded.
The steam dragon bites you.
* * * LOW HITPOINT WARNING * * *
The steam dragon claws you but does no damage.
The steam dragon closely misses you. You block the steam dragon's attack.
Unknown command.
You closely miss the steam dragon.
The steam dragon is moderately wounded.
The steam dragon bites you but does no damage.
You block the steam dragon's attack.
Unknown command.
You hit the steam dragon.
The steam dragon is heavily wounded.
The orc priest calls down the wrath of Beogh upon you.
Beogh smites you!
You die...

.# #...... ##?##
....... ...## ##.....
._.. ........## .D.
#........# #§#
.[.......#.###.#
#....w...#.§@Do#
#.#......#####o# #
##.##...##...#.{#
...#..#######.{o..##
#............###.....{.
##.....####...##o......
#.##.......#..#.$.?...
# ##.....###.........
#....## ##.......


You could see a steam dragon, an orc warrior and an orc priest.

Vanquished Creatures
  An ogre (D:5)
  A vampire bat (D:3)
  3 bombardier beetles
  3 orc priests
  A hound (D:4)
  2 iguanas
  Terence (D:2)
  An orc wizard (D:3)
  7 gnolls
  3 adders
  2 worms
  5 dart slugs
  20 orcs
  5 ball pythons
  3 bat skeletons (D:3)
  2 bat zombies (D:3)
  6 endoplasms
  3 goblins
  9 hobgoblins
  A quokka (D:1)
  6 bats
  4 frilled lizards
  6 kobolds
  2 rats (D:1)
97 creatures vanquished.

Notes
Turn   | Place    | Note
-------+----------+-------------------------------------------
     0 | D:1      | bmb222 the Formicid Monk began the quest for the Orb.
     0 | D:1      | Reached XP level 1. HP: 18/18 MP: 1/1
    67 | D:1      | Reached XP level 2. HP: 16/24 MP: 2/2
   216 | D:1      | Reached XP level 3. HP: 20/30 MP: 3/3
   229 | D:1      | HP: 1/30 [constriction (1)]
   949 | D:2      | Noticed Terence
   957 | D:2      | Gained mutation: You are somewhat resistant to further
                  | mutation. [potion of mutation]
  1039 | D:3      | Reached XP level 4. HP: 37/37 MP: 4/4
  1095 | D:3      | Found an ancient bone altar of Kikubaaqudgha.
  1120 | D:3      | Reached skill level 1 in Armour
  1120 | D:3      | Reached XP level 5. HP: 34/42 MP: 5/5
  1372 | D:3      | Found an opulent altar of Gozag.
  1525 | D:3      | Found a runed translucent door.
  1630 | D:3      | Noticed Iich's ghost (amateur DsFi)
  1780 | D:2      | Killed Terence
  1781 | D:2      | Reached XP level 6. HP: 26/49 MP: 6/6
  1905 | D:2      | Found Yzougizu's General Store.
  2470 | D:4      | Found a runed translucent gate.
  2470 | D:4      | Found a runed translucent gate.
  2470 | D:4      | Found a runed translucent gate.
  2477 | D:4      | Noticed jasper's ghost (amateur DEHW)
  2631 | D:4      | Reached skill level 5 in Fighting
  2940 | D:4      | Reached XP level 7. HP: 51/56 MP: 7/7
  2964 | D:4      | Found a stormy altar of Qazlal.
  3188 | D:5      | Entered Level 5 of the Dungeon
  3443 | D:5      | Found a staircase to the Ecumenical Temple.
  3459 | D:5      | Identified a scroll of acquirement
  3460 | D:5      | Acquired the +5 kite shield "Tugh" {rF+ rCorr}
  3666 | D:5      | Reached skill level 1 in Shields
  3684 | D:5      | Reached skill level 5 in Maces & Flails
  3684 | D:5      | Reached skill level 5 in Armour
  3730 | D:5      | You fall into a shaft and drop 3 floors!
  3864 | D:8      | Noticed Gastronok
  3869 | D:8      | Found a broken altar of Ashenzari.
  3869 | D:8      | Noticed a steam dragon
  3877 | D:8      | HP: 2/52 [steam dragon (4)]
  3879 | D:8      | Killed from afar by an orc priest

Illustrated notes

Levels and vault maps discovered:
D:1:      mrwooster_arrival_statue_2, layout_basic, minmay_indecisive_spiral
D:2:      layout_rooms, serial_shops, nicolae_shop_waterfront, uniq_terence
D:3:      layout_rooms, kennysheep_vampire_church, nicolae_gozag_seed_capital,
          ebering_ghost_reflecting_pool
D:4:      layout_basic, lemuel_doored_altar, gammafunk_ghost_split, minivault_24
D:5:      layout_loops_ring, minmay_temple_entry_glass, enter_ossuary_4,
          minmay_manual_macuahuitl
D:8:      layout_rooms, nicolae_overflow_crystal_walls,
          nicolae_vehumet_altar_sigil, hellmonk_lair_entry_icy, uniq_gastronok

Skill      XL: |  1  2  3  4  5  6  7 |
---------------+----------------------+-----
Dodging        | 3 |  3.2
Fighting       | 4 5 |  5.5
Armour         | 1 3 4 5 |  5.1
Maces & Flails | 4 5 |  5.0
Shields        | 2 |  2.0

Action                     |  1- 3 |  4- 6 |  7- 9 || total
---------------------------+-------+-------+-------++-------
  Melee: Mace              |    80 |    20 |       ||   100
         Flail             |       |   115 |    90 ||   205
Ability: Dig               |       |       |     2 ||     2
         Shaft Self        |       |       |     1 ||     1
    Use: Potion            |     2 |       |     3 ||     5
         Scroll            |       |       |     5 ||     5
 Armour: Robe              |    43 |    52 |       ||    95
         Scale mail        |       |    48 |    50 ||    98
  Dodge: Dodged            |    47 |    96 |    38 ||   181
  Block: Kite shield       |       |       |    25 ||    25

Table legend: (Time is in decaauts)
 A = Elapsed time spent in this place.
 B = Non-inter-level travel time spent in this place.
 C = Inter-level travel time spent in this place.
 D = Time resting spent in this place.
 E = Time spent auto-exploring this place.
 F = Levels seen in this place.
 G = Mean time per level.
                   A        B        C        D        E       F      G
               +--------+--------+--------+--------+--------+-----+--------+
         Total |   3945 |   3837 |    108 |    640 |   2228 |   6 |  657.5 |
       Dungeon |   3945 |   3837 |    108 |    640 |   2228 |   6 |  657.5 |
               +--------+--------+--------+--------+--------+-----+--------+

Top non-repeatable levels by time:
     D:4: 1198 daAuts
     D:1: 828 daAuts
     D:3: 804 daAuts
     D:2: 518 daAuts
     D:5: 445 daAuts
     D:8: 150 daAuts
